Map: Winter's Gate LE

Players

dio

  • Race: Zerg Zerg
  • League: Platinum
  • Spawn Location: 11:00

pHARM - Winner!

  • Race: Zerg Zerg
  • League: Platinum
  • Spawn Location: 5:00

VOD

Have the link to the VOD?

Description

Time

  • Played on: Aug. 24, 2019, 9:36 a.m.
  • Length: 10:03
Show
View Real Time Build Order
Export as new Build Order

dio Zerg 

Build Orders: Pool First 

Get SALT Encoding   

  12  0:01  Drone  
  13  0:08  Drone  
  14  0:26  Spawning Pool  
  13  0:39  Drone  
  14  1:16  Overlord  
  14  1:25  Extractor  
  13  1:28  Zergling x2  
  13  1:29  Hatchery  
  13  1:32  Queen, Extractor  
  14  1:38  Zergling x4  
  17  1:56  Zergling x4  
  19  2:06  Zergling x2  
  20  2:17  Zergling x2  
  20  2:22  Drone  
  22  2:39  Metabolic Boost  
  22  2:40  Queen  
  22  2:42  Overlord  
  24  2:47  Zergling x6  
  24  2:48  Zergling x2  
  28  3:22  Overlord x2  
  25  4:03  Drone x5  
  25  4:04  Zergling x10  
  25  4:05  Zergling x2  
  28  4:33  Zergling x2  
  28  4:34  Zergling x12  
  35  5:01  Overlord  
  35  5:02  Zergling x2  
  35  5:03  Zergling x10  
  40  5:22  Drone  
  40  5:23  Drone x5  
  46  5:40  Drone  
  46  5:41  Overlord x2  
  47  5:45  Extractor  
  46  6:17  Drone  
  46  6:18  Drone x7  
  54  6:25  Overlord  
  54  6:31  Hatchery  
  53  6:34  Queen  
  55  6:53  Extractor x2  
  53  6:58  Lair  
  53  7:02  Roach Warren  
  52  7:09  Queen  
  54  7:56  Glial Reconstitution  
  54  7:59  Overlord  
  54  8:00  Overlord  
  54  8:01  Roach  
  54  8:02  Roach x12  
  54  8:04  Drone  
  81  8:19  Drone x2  
  86  8:20  Drone x3  
  86  8:25  Ravager  
  86  8:26  Ravager x3  
  90  8:32  Spore Crawler  
  89  8:34  Pneumatized Carapace  
  89  8:50  Roach  
  89  8:51  Roach x3  
  92  9:08  Roach x2  
  92  9:09  Roach x2  
  95  9:18  Roach  
  95  9:20  Overlord x2  
  97  9:38  Evolution Chamber  
Show
View Real Time Build Order
Export as new Build Order

pHARM Zerg - Winner!

Build Orders: Hatch First 

Get SALT Encoding   

  12  0:01  Drone  
  13  0:12  Overlord  
  13  0:20  Drone  
  14  0:37  Drone x2  
  14  0:39  Drone  
  17  0:55  Hatchery  
  16  0:58  Drone  
  17  1:09  Drone  
  18  1:16  Spawning Pool  
  18  1:18  Drone  
  18  1:24  Drone  
  19  1:41  Drone, Extractor  
  19  1:59  Drone x2  
  21  2:06  Overlord  
  21  2:19  Queen x2  
  26  2:22  Drone  
  26  2:23  Drone x2  
  28  2:36  Drone x2  
  30  2:41  Overlord  
  30  2:46  Drone  
  31  2:56  Drone x3  
  34  3:10  Lair, Queen  
  37  3:12  Drone  
  37  3:13  Drone x2  
  39  3:27  Spine Crawler x2  
  39  3:28  Spine Crawler  
  39  3:29  Spine Crawler  
  39  3:30  Spine Crawler  
  34  3:35  Evolution Chamber  
  34  3:36  Zergling x4  
  34  3:37  Zergling x8  
  39  3:44  Zergling x2  
  39  3:45  Zergling x2  
  38  3:56  Zergling x4  
  42  4:14  Zergling x2  
  42  4:16  Zergling x6  
  39  4:32  Drone  
  39  4:33  Drone x3  
  39  4:36  Extractor  
  39  4:37  Extractor  
  41  4:42  Zerg Missile Weapons Level 1  
  41  4:51  Roach Warren  
  40  5:17  Evolution Chamber  
  40  5:20  Drone  
  40  5:21  Drone x3  
  43  5:22  Overlord x4  
  43  5:30  Glial Reconstitution  
  43  5:40  Queen  
  45  5:45  Drone x2  
  45  5:46  Drone x2  
  49  5:51  Drone x3  
  52  6:10  Roach x6  
  64  6:15  Roach  
  65  6:21  Roach  
  67  6:26  Roach  
  69  6:42  Roach x3  
  75  7:15  Overlord x2  
  75  7:16  Zerg Missile Weapons Level 2, Zerg Ground Armor Level 1  
  75  7:21  Hatchery  
  74  7:29  Drone  
  75  7:40  Overlord x4  
  75  7:50  Overlord x2  
  75  7:51  Roach x4  
  83  8:02  Drone x2  
  85  8:06  Drone  
  85  8:12  Roach x6  
  98  8:29  Roach x8  
  114  8:37  Extractor  
  113  8:47  Roach x5  
  118  9:18  Roach x5  
  118  9:19  Overlord x3  
  118  9:20  Overlord x2  
  120  9:46  Drone  
  120  9:47  Drone x7  
Tags
 
Add a new tag
Caveats
  • Supply blocks, unpowered buildings, or Contaminate may cause inaccurate times.
  • Supply counts are checked every 10 seconds.